 Dungeon Crawl Stone Soup version 0.16-a0-1885-g0f03bb0 (webtiles) character file.

561 Kraw the Changer (level 7, -1/52 HPs)
             Began as a Purple Draconian Transmuter on Nov 7, 2014.
             Was an Initiate of Nemelex Xobeh.
             Slain by a centaur
             ... wielding a +0 mace
              (12 damage)
             ... on level 5 of the Dungeon.
             The game lasted 00:22:48 (4892 turns).

Kraw the Changer (Purple Draconian Transmuter)      Turns: 4892, Time: 00:22:48

Health: -1/52      AC:  7    Str: 13    XL:     7   Next: 9%
Magic:  12/12      EV: 12    Int: 15    God:    Nemelex Xobeh [......]
Gold:   105        SH:  0    Dex: 11    Spells: 3 memorised, 2 levels left

rFire  . . .     SeeInvis .       - Unarmed
rCold  . . .     Clarity  .     (armour unavailable)
rNeg   . . .     SustAb   .     (no shield)
rPois  .         Gourm    .     (helmet restricted)
rElec  .         Spirit   .     (no cloak)
rCorr  .         Warding  .     v - +0 pair of gloves (curse)
rMut   .         Stasis   .     (boots unavailable)
MR     +....                    (no amulet)
Stlth  +.........               (no ring)
                                (no ring)

@: appendage (expiring), hasted, very quick, somewhat resistant to hostile
enchantments, very unstealthy
A: breathe power, unfitting armour, talons 3, cold-blooded, AC +6
a: Breathe Dispelling Energy, End Transformation, Renounce Religion


You were on level 5 of the Dungeon.
You worshipped Nemelex Xobeh.
Nemelex Xobeh was noncommittal.
You were very hungry.
You had grown temporary talons.
You visited 1 branch of the dungeon, and saw 5 of its levels.

You collected 105 gold pieces.

Inventory:

Hand weapons
 b - a +0 blowgun
Missiles
 o - 19 stones (quivered)
 t - 67 arrows
 u - 10 poisoned needles
Armour
 v - a cursed +0 pair of gloves (worn)
Jewellery
 m - an uncursed ring of stealth {unknown}
 x - an uncursed ring of positive energy {unknown}
 E - an uncursed amulet of clarity {unknown}
 F - an uncursed amulet of faith {unknown}
Scrolls
 e - a scroll of remove curse {unknown}
 g - 9 scrolls of identify {unknown}
 i - 2 scrolls of enchant weapon {unknown}
 k - a scroll of blinking {unknown}
 l - a scroll of amnesia {unknown}
 q - 2 scrolls of enchant armour {unknown}
 y - 2 scrolls of teleportation {unknown}
 D - a scroll of immolation {unknown}
Potions
 c - a potion of cancellation {unknown}
 j - 2 potions of agility {unknown}
 n - 2 potions of resistance {unknown}
 p - 2 potions of haste
 r - a potion of curing {unknown}
 s - 2 potions of brilliance {unknown}
 w - a potion of might {unknown}
 A - a potion of lignification {unknown}
Books
 d - a book of Changes

   Spells                             Type                      Level
   *Beastly Appendage                 Transmutation                1
   Sticks to Snakes                   Transmutation                2
   *Spider Form                       Transmutation/Poison         3
   *Ice Form                          Ice/Transmutation            4
   Blade Hands                        Transmutation                5
Miscellaneous
 B - an ornate deck of war
Comestibles
 a - 3 bread rations
 f - 2 beef jerkies
 h - a slice of pizza
 z - a meat ration


   Skills:
 - Level 1.1 Fighting
 - Level 1.7 Dodging
 - Level 4.2 Unarmed Combat
 - Level 2.4 Spellcasting
 * Level 6.1 Transmutations
 + Level 2.3 Ice Magic
 - Level 2.4 Poison Magic


You had 2 spell levels left.
You knew the following spells:

 Your Spells              Type           Power        Failure   Level  Hunger
a - Beastly Appendage     Trmt           ###...       1%          1    #......
b - Spider Form           Trmt/Pois      ##........   14%         3    ###....
c - Ice Form              Ice/Trmt       ##......     41%         4    #####..


Dungeon Overview and Level Annotations

Branches:
Dungeon (5/15)
 Temple: D:4-7

Altars:
Fedhas
Nemelex Xobeh
Qazlal
Ru

Annotations:
D:5 Blork the orc


Innate Abilities, Weirdness & Mutations

You can breathe bolts of energy.
You can dispel enchantments when you breathe energy.
Your rich purple scales are hard (AC +6).
Your body does not fit into most forms of armour.
Your cold-blooded metabolism reacts poorly to cold.
You have claws for feet.


Message History

The centaur is lightly wounded.
The centaur hits you with an uncursed mace!
You hit the centaur but do no damage. You claw the centaur.
The centaur is lightly wounded.
The centaur hits you with an uncursed mace!
You hit the centaur. You claw the centaur, but do no damage.
The centaur is moderately wounded.
The centaur hits you but does no damage.
You closely miss the centaur.
The centaur is moderately wounded.
The centaur hits you but does no damage.
You barely miss the centaur.
The centaur is moderately wounded.
The centaur hits you with an uncursed mace!
* * * LOW HITPOINT WARNING * * *
Drink which item? (? for menu, Esc to quit)
You feel yourself speed up.
It was a potion of haste.
The centaur hits you with an uncursed mace!
You die...
Your body disappears without a glow.

### ##>## #...#
#.⌠.# #...# ##.##
### ##.#######
##...##...##...##
#<.⌠sc@(⌠.'..⌠.<#
##..Z##...##...##
### ##+#######


You could see a centaur, a giant mite and a hound zombie.

Vanquished Creatures
  An ogre (D:4)
  A gnoll sergeant (D:4)
  A hound (D:4)
  2 orc priests (D:4)
  3 orc wizards
  A worker ant (D:4)
  7 adders
  4 gnolls
  A giant mite (D:4)
  2 worms
  5 giant geckos
  11 orcs
  7 bats
  13 goblins
  8 hobgoblins
  3 jackals (D:1)
  2 quokkas (D:4)
  9 giant cockroaches
  5 giant newts
  10 kobolds
  10 rats
106 creatures vanquished.

Notes
Turn   | Place    | Note
--------------------------------------------------------------
     0 | D:1      | Kraw, the Draconian Transmuter, began the quest for the Orb.
     0 | D:1      | Reached XP level 1. HP: 16/16 MP: 3/3
   104 | D:1      | Reached XP level 2. HP: 14/23 MP: 2/4
   345 | D:1      | Reached skill level 4 in Unarmed Combat
   580 | D:1      | Reached XP level 3. HP: 28/28 MP: 4/6
   585 | D:1      | Learned a level 3 spell: Spider Form
  1106 | D:2      | Found a sacrificial altar of Ru.
  1109 | D:2      | Reached skill level 1 in Poison Magic
  1139 | D:2      | Reached XP level 4. HP: 31/35 MP: 7/7
  2190 | D:3      | Reached XP level 5. HP: 33/40 MP: 9/9
  3291 | D:4      | Found a sparkling altar of Nemelex Xobeh.
  3328 | D:4      | Noticed an ogre
  3550 | D:4      | Found a stormy altar of Qazlal.
  3565 | D:4      | Became a worshipper of Nemelex Xobeh the Trickster
  3605 | D:4      | Found a blossoming altar of Fedhas.
  3653 | D:4      | Received a gift from Nemelex Xobeh
  3720 | D:4      | Reached skill level 5 in Transmutations
  3720 | D:4      | Reached XP level 6. HP: 16/47 MP: 10/10
  3741 | D:4      | Learned a level 4 spell: Ice Form
  3780 | D:4      | Killed an ogre
  3780 | D:4      | Reached skill level 1 in Ice Magic
  4229 | D:4      | Reached skill level 6 in Transmutations
  4229 | D:4      | Your scales start taking on a rich purple colour.
  4229 | D:4      | Reached XP level 7. HP: 43/52 MP: 12/12
  4564 | D:5      | Entered Level 5 of the Dungeon
  4828 | D:5      | Noticed Blork the orc
  4892 | D:5      | Slain by a centaur

Action                   |  1- 3 |  4- 6 |  7- 9 || total
-------------------------+-------+-------+-------++-------
Melee: Unarmed           |   128 |   219 |    29 ||   376
 Fire: Blowgun           |       |    65 |     8 ||    73
Throw: Stone             |       |    21 |       ||    21
 Cast: Beastly Appendage |    17 |    13 |     2 ||    32
       Spider Form       |       |     3 |       ||     3
  Use: Potion            |       |       |     1 ||     1
 Stab: Invisible         |     1 |       |       ||     1
       Paralysed         |     1 |       |       ||     1
       Sleeping          |       |       |     1 ||     1
  Eat: Chunk             |       |    12 |     1 ||    13
